 Dungeon Crawl Stone Soup version 0.24.1-4-ge52af88ad5 (webtiles) character file.

Game seed: 1573622195763937001, levelgen mode: deterministic

597 MajorAdolf the Ruffian (level 7, -2/61 HPs)
             Began as a Naga Wanderer on Apr 12, 2020.
             Slain by an iguana (10 damage)
             ... on level 3 of the Dungeon.
             The game lasted 00:07:11 (4037 turns).

MajorAdolf the Ruffian (Naga Wanderer)              Turns: 4037, Time: 00:07:12

Health: -2/61      AC:  9    Str: 19    XL:     7   Next: 40%
Magic:  7/7        EV:  6    Int: 15    God:
Gold:   275        SH:  4    Dex: 12    Spells: 6/6 levels left

rFire    . . .     SeeInvis +     - Unarmed
rCold    . . .     Gourm    .   m - +0 buckler
rNeg     . . .     Faith    .   h - +0 chain mail
rPois    +         Spirit   .   (no helmet)
rElec    .         Reflect  .   (no cloak)
rCorr    .         Harm     .   i - +2 pair of gloves {Dex+3}
MR       .....                  (no barding)
Stlth    ..........             (no amulet)
HPRegen  0.20/turn              a - +4 ring of strength
MPRegen  0.10/turn              c - ring of poison resistance

@: very slow
A: large, see invisible, deformed body, poison resistance, slowness 2, slow
metabolism 1, spit poison 1, AC +2
a: Spit Poison


You were on level 3 of the Dungeon.
You were very hungry.

You visited 1 branch of the dungeon, and saw 4 of its levels.

You collected 275 gold pieces.

Inventory:

Armour
 g - a +2 pair of gloves
 h - a +0 chain mail (worn)
 i - a +2 pair of gloves of dexterity (worn)
 m - a +0 buckler (worn)
Jewellery
 a - a +4 ring of strength (left hand)
 c - a ring of poison resistance (right hand)
 l - a +3 ring of dexterity {unknown}
Wands
 b - a wand of disintegration (9)
Scrolls
 j - 4 scrolls of teleportation
 p - a scroll of magic mapping
Potions
 d - 3 potions of curing
 e - a potion of brilliance
Comestibles
 f - 6 rations


   Skills:
 + Level 2.5 Fighting
   Level 2.0(2.1) Polearms
   Level 1.0(1.6) Staves
 + Level 1.0 Armour
 + Level 2.0 Dodging
 - Level 4.4 Stealth
 - Level 2.7 Shields
 + Level 6.0 Unarmed Combat


You had 6 spell levels left.
You didn't know any spells.
Your spell library was empty.

Dungeon Overview and Level Annotations

Branches:
Dungeon (4/15)             Temple (0/1) D:4

Altars:
Cheibriados
Gozag
Qazlal

Annotations:
D:4 1 runed translucent door, Nebesus's ghost, amateur DrFi


Innate Abilities, Weirdness & Mutations

You cannot wear boots.
Your serpentine skin is tough. (AC +2)
You have supernaturally acute eyesight. (SInv)
Armour fits poorly on your strangely shaped body.
Your system is resistant to poisons. (rPois)
You cover ground very slowly.
You have a slow metabolism.
You can spit poison.


Message History

You hit the iguana but do no damage.
The iguana is severely wounded.
The iguana barely misses you.
Your chain mail prevents you from hitting the iguana.
The iguana is severely wounded.
You block the iguana's attack.
You hit the iguana but do no damage.
The iguana is severely wounded.
The iguana bites you.
* * * LOW HITPOINT WARNING * * *
Your chain mail prevents you from hitting the iguana.
The iguana is severely wounded.
The iguana bites you.
* * * LOW HITPOINT WARNING * * *
You feel better. The iguana bites you!
* * * LOW HITPOINT WARNING * * *
You hit the iguana.
The iguana is almost dead.
The iguana bites you!
You die...

#....#####....############
#........................#
#....####.................
#....# #.....########.#.#
#....# #.###....# #.#..
#....# #.###....# #.###
#....# #........# #....
###### #l.......#########
#@)...............
##)..###.#########
##...............
#####.####..########
##........##.##
#.........##..#
############.........###.####
#...........................#
##.#########.........####.#.#


You could see an iguana.

Vanquished Creatures
  A sky beast (D:3)
  An orc warrior (D:4)
  A phantom (D:4)
  An orc priest (D:4)
  3 orc wizards
  A centaur skeleton (D:4)
  Natasha (D:2)
  2 worker ants (D:4)
  An adder (D:2)
  An ooze (D:1)
  3 dart slugs
  A leopard gecko (D:3)
  5 orcs
  2 giant cockroaches
  5 goblins
  7 hobgoblins
  13 jackals
  9 kobolds
  2 ball pythons (D:2)
  15 bats
  5 frilled lizards
  A quokka skeleton (D:4)
  11 rats
92 creatures vanquished.

Notes
Turn   | Place    | Note
-------+----------+-------------------------------------------
     0 | D:1      | MajorAdolf the Naga Wanderer began the quest for the Orb.
     0 | D:1      | MajorAdolf set off with the following items: a +2 dagger, a
                  | potion of berserk rage, a +0 spear, a potion of curing, a
                  | +0 robe, a ration
     0 | D:1      | Reached XP level 1. HP: 19/19 MP: 1/1
   209 | D:1      | Reached skill level 1 in Unarmed Combat
   340 | D:1      | Reached XP level 2. HP: 26/26 MP: 2/2
   501 | D:1      | Reached skill level 2 in Unarmed Combat
  1170 | D:1      | Reached XP level 3. HP: 31/32 MP: 3/3
  1594 | D:2      | Reached skill level 3 in Unarmed Combat
  1662 | D:2      | Found a stormy altar of Qazlal.
  1965 | D:2      | Reached XP level 4. HP: 32/39 MP: 4/4
  2077 | D:2      | Noticed Natasha
  2082 | D:2      | Killed Natasha
  2340 | D:3      | Reached skill level 1 in Shields
  2408 | D:3      | Reached skill level 4 in Unarmed Combat
  2505 | D:3      | Noticed a sky beast
  2529 | D:3      | Killed a sky beast
  2529 | D:3      | Reached XP level 5. HP: 7/45 MP: 5/5
  3173 | D:4      | Noticed an orc warrior
  3188 | D:4      | Reached XP level 6. HP: 52/52 MP: 6/6
  3197 | D:4      | Killed an orc warrior
  3197 | D:4      | Reached skill level 5 in Unarmed Combat
  3343 | D:4      | Found a snail-covered altar of Cheibriados.
  3398 | D:4      | Found a staircase to the Ecumenical Temple.
  3510 | D:4      | Found an opulent altar of Gozag.
  3646 | D:4      | Reached XP level 7. HP: 59/60 MP: 7/7
  3648 | D:4      | Found a runed translucent door.
  3650 | D:4      | Noticed Nebesus's ghost (amateur DrFi)
  4025 | D:3      | Reached skill level 1 in Armour
  4025 | D:3      | Reached skill level 6 in Unarmed Combat
  4037 | D:3      | Slain by an iguana

Levels and vault maps discovered:
D:1:      scummos_arrival_gate, layout_basic
D:2:      layout_loops_cross, lemuel_crystal_altar,
          nicolae_qazlal_eye_of_the_storm, elyvilon_altar_5, first_ration,
          minmay_crystal_room, uniq_natasha
D:3:      layout_basic
D:4:      layout_cave_pods, cheibriados_altar_1, nicolae_overflow_hidden_temple,
          minmay_temple_entry_wispy, gammafunk_ghost_grave

Skill      XL: |  1  2  3  4  5  6  7 |
---------------+----------------------+-----
Unarmed Combat | 1 2 3 4 5 6 |  6.0
Shields        | 2 |  2.7
Dodging        | 2 |  2.0
Armour         | 1 |  1.0
Fighting       | |  2.5
Polearms       | |  2.0
Staves         | |  1.0
Stealth        | |  4.4

Action                   |  1- 3 |  4- 6 |  7- 9 || total
-------------------------+-------+-------+-------++-------
Melee: Unarmed           |   196 |   151 |    55 ||   402
       Punch             |     3 |       |       ||     3
 Abil: Spit Poison       |    14 |     9 |     1 ||    24
  Use: Scroll            |     4 |     7 |       ||    11
       Potion            |       |     2 |     2 ||     4
 Stab: Sleeping          |     1 |       |       ||     1
  Eat: Chunk             |     3 |     5 |       ||     8
Armor: Robe              |     1 |       |       ||     1
       Chain mail        |   151 |   101 |    16 ||   268
       Skin              |       |    12 |       ||    12
Dodge: Dodged            |    77 |    34 |    13 ||   124
Block: Buckler           |     1 |    15 |     9 ||    25
